 Dungeon Crawl Stone Soup version 0.19-a0-994-g3c636f0 (webtiles) character file.

357 Kurtz the Chopper (level 6, -4/47 HPs)
             Began as a Mummy Berserker on July 16, 2016.
             Was a Priest of Trog.
             Slain by a gnoll
             ... wielding a +0 spear
              (7 damage)
             ... on level 4 of the Dungeon.
             The game lasted 00:03:34 (1999 turns).

Kurtz the Chopper (Mummy Berserker)                 Turns: 1999, Time: 00:03:35

Health: -4/47      AC: 10    Str: 20    XL:     6   Next: 37%
Magic:  6/6        EV:  6    Int:  7    God:    Trog [***...]
Gold:   92         SH:  0    Dex: 13    Spells: 0 memorised, 5 levels left

rFire  x . .     SeeInvis .     h - +0 war axe
rCold  + . .     Gourm    .     j - +0 ring mail
rNeg   + + +     Faith    +     (no shield)
rPois  ∞         Spirit   .     k - +2 helmet
rElec  .         Dismiss  .     l - +0 cloak
rCorr  .         Reflect  .     (no gloves)
SustAt .         Harm     .     g - +0 pair of boots
MR     .....                    e - amulet of faith
Stlth  +.........               (no ring)
                                (no ring)

@: held, glowing, not resistant to hostile enchantments, very unstealthy
A: no food or potions, fire vulnerability, cold resistance 1, negative energy
resistance 3, torment resistance, unbreathing
a: Trog's Hand, Burn Spellbooks, Renounce Religion


You were on level 4 of the Dungeon.
You worshipped Trog.
Trog was most pleased with you.
You were not hungry.

You visited 1 branch of the dungeon, and saw 4 of its levels.

You collected 92 gold pieces.

Inventory:

Hand Weapons
 a - a +0 hand axe
 h - a +0 war axe (weapon)
Armour
 g - a +0 pair of boots (worn)
 j - a +0 ring mail (worn)
 k - a +2 helmet (worn)
 l - a +0 cloak (worn)
Jewellery
 e - an amulet of faith (around neck)
Scrolls
 c - 2 scrolls of remove curse {unknown}
 d - 2 scrolls of amnesia
 f - a scroll of random uselessness {unknown}
 i - a scroll of identify {unknown}


   Skills:
 - Level 3.0 Fighting
 * Level 6.0 Axes
 - Level 1.5 Armour
 - Level 1.5 Dodging


You had 5 spell levels left.
You didn't know any spells.

Dungeon Overview and Level Annotations

Branches:
Dungeon (4/15)
 Temple: D:4-7

Altars:


Innate Abilities, Weirdness & Mutations

You do not eat or drink.
Your flesh is vulnerable to fire.
You are immune to poison.
Your flesh is cold resistant. (rC+)
You are immune to negative energy. (rN+++)
You are immune to unholy pain and torment.
You can survive without breathing.


Message History

There is a stone staircase leading up here.
The gnoll throws a throwing net.
The throwing net hits you.
You become entangled in the net!
You can't do that while held in a net.
Unknown command.
You struggle against the net.
The gnoll hits you but does no damage.
The gnoll hits you from afar with a spear.
* * * LOW HITPOINT WARNING * * *
Unknown command.
You tear a large gash into the net.
The gnoll hits you but does no damage. The gnoll hits you with a club.
* * * LOW HITPOINT WARNING * * *
The gnoll hits you from afar with a spear.
* * * LOW HITPOINT WARNING * * *
Unknown command.
As you read the scroll labeled SUPPEOHIDU, it crumbles to dust.
It is a scroll of amnesia.
You feel forgetful for a moment.
The gnoll hits you from afar with a spear!
You die...

#########....###
#...#....#
#...'....#
#...#.%..#
+...#....#
#####....####
#..gg.......
#.g.........
#.@.........
#...........
#..%....####
....##### .....+
#.....# #.....#
...#+##


You could see 3 gnolls.

Vanquished Creatures
  An ogre (D:3)
  A quasit (D:3)
  A gnoll shaman (D:4)
  Crazy Yiuf (D:2)
  Jessica (D:2)
  Terence (D:2)
  Ijyb (D:2)
  Robin (D:2)
  An adder (D:3)
  An ooze (D:3)
  A worm (D:2)
  6 dart slugs
  3 giant geckos
  A giant cockroach (D:3)
  17 goblins
  7 hobgoblins
  4 jackals (D:1)
  A quokka (D:3)
  8 bats
  A giant newt (D:3)
  4 kobolds
  7 rats
70 creatures vanquished.

Notes
Turn   | Place    | Note
-------+----------+-------------------------------------------
     0 | D:1      | Kurtz the Mummy Berserker began the quest for the Orb.
     0 | D:1      | Reached XP level 1. HP: 18/18 MP: 1/1
    85 | D:1      | Reached XP level 2. HP: 14/24 MP: 2/2
    89 | D:1      | Reached skill level 3 in Axes
   582 | D:1      | Reached XP level 3. HP: 24/29 MP: 3/3
   736 | D:1      | Reached ** piety under Trog
   972 | D:2      | Noticed Jessica
   974 | D:2      | Noticed Terence
   979 | D:2      | Killed Terence
   979 | D:2      | Reached skill level 4 in Axes
   982 | D:2      | Killed Jessica
   982 | D:2      | Reached XP level 4. HP: 35/35 MP: 4/4
  1024 | D:2      | Found a runed door.
  1048 | D:2      | Noticed Robin
  1072 | D:2      | Killed Robin
  1264 | D:2      | Noticed Ijyb
  1274 | D:2      | Killed Ijyb
  1274 | D:2      | Reached XP level 5. HP: 39/41 MP: 5/5
  1276 | D:2      | Reached *** piety under Trog
  1568 | D:2      | Noticed Crazy Yiuf
  1576 | D:2      | Killed Crazy Yiuf
  1576 | D:2      | Reached skill level 5 in Axes
  1918 | D:3      | Noticed an ogre
  1923 | D:3      | Killed an ogre
  1923 | D:3      | Reached XP level 6. HP: 47/47 MP: 6/6
  1983 | D:4      | Reached skill level 6 in Axes
  1999 | D:4      | Slain by a gnoll

Vault maps used:
D:1:      lightli_arrival_chessboard, corexii_corridor_pit
D:2:      uniq_robin, uniq_jessica, uniq_crazy_yiuf_cottage, uniq_terence,
          uniq_iyjb
D:4:      first_bread

Skill      XL: |  1  2  3  4  5  6 |
---------------+-------------------+-----
Axes           | 3 4 5 6 |  6.0
Fighting       | |  3.0
Armour         | |  1.5
Dodging        | |  1.5

Action                   |  1- 3 |  4- 6 || total
-------------------------+-------+-------++-------
Melee: Hand axe          |    51 |       ||    51
       War axe           |    13 |   124 ||   137
  Use: Scroll            |       |     1 ||     1
 Stab: Sleeping          |     1 |       ||     1
Armor: Animal skin       |     7 |       ||     7
       Ring mail         |       |   105 ||   105
Dodge: Dodged            |    49 |   119 ||   168
